 Dungeon Crawl Stone Soup version 0.27-a0-1565-gad902ab807 (webtiles) character file.

Game seed: 5020794391686249285

894 Gwenloh the Poker (level 8, -3/78 HPs)
             Began as a Merfolk Summoner on July 16, 2021.
             Slain by a mummy (9 damage)
             ... on level 6 of the Dungeon.
             The game lasted 00:29:50 (7840 turns).

Gwenloh the Poker (Merfolk Summoner)                Turns: 7840, Time: 00:29:50

Health: -3/78      AC: 24    Str:  8    XL:     8   Next: 6%
Magic:  3/11       EV:  2    Int: 15    God:
Gold:   247        SH:  0    Dex: 16    Spells: 1/11 levels left

rFire    . . .     SeeInvis .   e - +0 spear
rCold    + . .     Faith    .   (no shield)
rNeg     + + +     Spirit   .   (armour currently unavailable)
rPois    +         Reflect  .   (helmet currently unavailable)
rElec    .         Harm     .   (cloak currently unavailable)
rCorr    .         Rampage  .   (gloves currently unavailable)
Will     .....     NoTele   +   (boots currently unavailable)
Stlth    +.........             (no amulet)
HPRegen  0.23/turn              p - ring of protection from cold
MPRegen  0.12/turn              x - ring of poison resistance

@: tree-form, silenced
A: stationary, stasis, torment immunity, boosted hp, (nimble swimmer 2),
(mertail)
a: no special abilities


You were on level 6 of the Dungeon.
You were a tree.
You visited 1 branch of the dungeon, and saw 6 of its levels.
You also visited: Ossuary.

You collected 247 gold pieces.

Inventory:

Hand Weapons
 e - a +0 spear (weapon)
Missiles
 b - 163 stones
 s - 12 boomerangs (quivered)
 t - 48 poisoned darts
Armour
 a - a +0 robe (melded)
 m - a +0 leather armour
 n - a +0 helmet (melded)
 o - a +0 cloak (melded)
 q - a +0 kite shield
 u - a +0 pair of boots (melded)
 y - a +0 pair of gloves (melded)
Jewellery
 p - a ring of protection from cold (left branch)
 x - a ring of poison resistance (right branch)
Wands
 v - a wand of charming (6)
Scrolls
 i - a scroll of fog
 A - a scroll of fear {unknown}
 B - a scroll of enchant weapon {unknown}
Potions
 d - a potion of heal wounds {unknown}
 f - a potion of haste {unknown}
 k - 2 potions of curing
 l - a potion of attraction {unknown}
 z - a potion of brilliance {unknown}


   Skills:
 + Level 7.7 Polearms
 + Level 4.3 Dodging
 - Level 2.1 Stealth
 - Level 2.0 Spellcasting
 + Level 7.1 Summonings
 + Level 1.8 Air Magic


You had one spell level left.
You knew the following spells:

 Your Spells              Type           Power      Damage    Failure   Level
a - Summon Small Mammal   Summ           92%        N/A       1%          1
b - Call Imp              Summ           23%        N/A       1%          2
c - Call Canine Familiar  Summ           23%        N/A       3%          3
d - Summon Lightning Spi  Summ/Air       15%        N/A       34%         4

Your spell library contained the following spells:

 Spells                   Type           Power      Damage    Failure   Level
 Magic Dart               Conj           4%         1d3       22%         1
 Summon Guardian Golem    Hex/Summ       12%        N/A       16%         3
 Searing Ray              Conj           2%         3d3       32%         2
 Ozocubu's Armour         Ice            1%         N/A       54%         3
 Tukima's Dance           Hex            1%         N/A       54%         3
 Fulminant Prism          Conj/Hex       0%         3d6       91%         4
 Passage of Golubria      Tloc           N/A        N/A       91%         4
 Yara's Violent Unravell  Hex/Tmut       0%         3d3       99%         5
 Ozocubu's Refrigeration  Ice            0%         4d5       100%        7


Dungeon Overview and Level Annotations

Branches:
Dungeon (6/15)            Ossuary (visited)
 Temple: D:4-7

Altars:
Makhleb

Shops:
D:2 [(:::   D:4 *


Innate Abilities, Weirdness & Mutations

You are a tree.
Your roots penetrate the ground, keeping you stationary.
You cannot be teleported.
You are immune to unholy pain and torment.
Your maximum health is greatly increased.
Your equipment is partially melded.
((You are quick and stealthy near water. (Stealth+, EV+, Speed+++)))
((Your lower body shifts to a powerful aquatic tail in water.))


Message History

The mummy is heavily damaged.
The bullfrog zombie closely misses you. The mummy hits you.
You hit the mummy but do no damage. The bullfrog zombie hits you.
The mummy misses you.
You barely miss the mummy. The bullfrog zombie misses you. The mummy hits you!
The bullfrog zombie barely misses you. The mummy hits you!
The bullfrog zombie barely misses you.
There is a gate leading back out of this place here.
The bullfrog zombie closely misses you. The mummy hits you!
* * * LOW HITPOINT WARNING * * *
Welcome back to the Dungeon!
There is a collapsed entrance here.
As you read the scroll labelled NIPISIECEA, it crumbles to dust.
It is a scroll of amnesia.
Really abort (and waste the scroll)?
Okay, then.
As you read the scroll labelled HEVVUWULOMN, it crumbles to dust.
A profound silence engulfs you.
It was a scroll of silence.
The mummy hits you but does no damage.
Magic scrolls do not work when you're silenced!
It was a potion of lignification.
You turn into a tree.
Your +0 cloak melds into your body.
Your +0 helmet melds into your body.
Your +0 pair of gloves melds into your body.
Your +0 pair of boots melds into your body.
Your +0 robe melds into your body.
Your roots penetrate the ground.
You hit the mummy.
The mummy is lightly damaged.
The mummy hits you!
* * * LOW HITPOINT WARNING * * *
You hit the mummy.
The mummy is lightly damaged.
You hit the mummy but do no damage.
The mummy is lightly damaged.
The mummy hits you but does no damage.
You barely miss the mummy.
The mummy is lightly damaged.
You hit the mummy but do no damage.
The mummy is lightly damaged.
The mummy hits you!
You die...

,,,,,,,,,,,,,.#*,+...*####
,,,,,,,,,,,,,*.#*#...##..##
,,,,,,,,,,,,**,.##..##....##
,,,,,,,,,,,***,,.#..#...P..#
******,,,,**,+,,,..##..♣P..#
,,,* *,,,,,***,,,#.##.....#*
,,,* *****,,**,,*#.##....#*
,,,* ****,,*,###.....#.#
,,,* *,,,,,,*#♣MM#####.#
,,,* *,,,,,,,###.# #.# ,,,*
*,,,,,,,,*#.# #.# ,,,*
****,,,*,,,,#.# #.# ,,,*
*≈≈≈≈≈≈*,,,,..# #.#######
,,,* ****,,,*,,,>..#
#.......# ,,,* *,^,,,,,,,..#
#######.# **** *,,,,,,,,...#
##.# *,,,,,,,,,,,* #<.#


You could see 2 mummies.

Vanquished Creatures
  2 ogres (D:5)
  A phantom (D:3)
  A bullfrog zombie (D:5)
  2 orc priests (D:3)
  2 hounds
  An iguana (D:5)
  2 adders
  7 gnolls
  2 worms (D:2)
  A dart slug (D:1)
  2 orcs
  8 endoplasms
  4 giant cockroaches
  6 goblins
  2 hobgoblins
  6 jackals
  4 kobolds
  2 quokkas
  8 ball pythons
  3 bats
  A frilled lizard (D:2)
  4 rats
71 creatures vanquished.

Vanquished Creatures (collateral kills)
  2 water moccasins (D:4)
  2 scorpions
  A bullfrog zombie (Ossuary)
  An orc priest (D:5)
  A gnoll shaman (D:5)
  Natasha (twice) (D:2)
  An orc wizard (D:3)
  3 mummies
  3 gnolls (D:5)
  3 adders
  2 dart slugs
  6 orcs
  4 ball pythons
  2 bats (D:1)
  3 endoplasms
  A giant cockroach (D:1)
  A goblin (D:3)
  3 hobgoblins
  5 jackals
  2 kobolds (D:1)
  A frilled lizard (D:1)
  A rat (D:2)
50 creatures vanquished.

Vanquished Creatures (others)
  A plant (D:2)
  3 withered plants (Ossuary)
4 creatures vanquished.

Grand Total: 125 creatures vanquished

Notes
Turn   | Place    | Note
-------+----------+-------------------------------------------
     0 | D:1      | Gwenloh the Merfolk Summoner began the quest for the Orb.
     0 | D:1      | Reached XP level 1. HP: 13/13 MP: 3/3
   507 | D:1      | Reached XP level 2. HP: 19/19 MP: 1/5
   564 | D:1      | Learned a level 2 spell: Call Imp
   694 | D:1      | Reached skill level 1 in Polearms
   816 | D:1      | Reached XP level 3. HP: 24/24 MP: 6/6
   820 | D:1      | Learned a level 3 spell: Call Canine Familiar
   854 | D:1      | Found a faded altar of an unknown god.
  1282 | D:2      | Found Larghen's Book Emporium.
  1367 | D:2      | Noticed Natasha
  1374 | D:2      | Killed Natasha
  1375 | D:2      | Reached skill level 5 in Summonings
  1458 | D:2      | Reached XP level 4. HP: 30/30 MP: 7/7
  1544 | D:2      | Found Zasmon Wozoi's Book Boutique.
  1819 | D:2      | Found Moreob's Antique Armour Emporium.
  1834 | D:2      | Found Modaduox's Antique Weapon Shoppe.
  1974 | D:2      | Found Reaxul's Book Emporium.
  2344 | D:3      | Found a burning altar of Makhleb.
  2717 | D:3      | Reached XP level 5. HP: 35/35 MP: 5/8
  2984 | D:3      | Noticed a phantom
  3005 | D:3      | Killed a phantom
  3006 | D:3      | Reached skill level 5 in Polearms
  3006 | D:3      | Reached XP level 6. HP: 25/41 MP: 9/9
  3191 | D:2      | Noticed Natasha
  3201 | D:2      | Killed Natasha
  4152 | D:4      | HP: 2/41 [poisoned by a scorpion]
  4631 | D:4      | Found Pouvo's Serpentskin Sales.
  4631 | D:4      | Noticed a water moccasin
  4631 | D:4      | Noticed a water moccasin
  4631 | D:4      | Noticed a water moccasin
  4680 | D:4      | Killed a water moccasin
  5289 | D:4      | Killed a water moccasin
  5290 | D:4      | Reached XP level 7. HP: 18/46 MP: 3/10
  5480 | D:4      | Learned a level 4 spell: Summon Lightning Spire
  5498 | D:5      | Entered Level 5 of the Dungeon
  5997 | D:5      | Reached skill level 1 in Air Magic
  7395 | D:5      | Reached XP level 8. HP: 31/52 MP: 8/11
  7752 | D:6      | Found a sand-covered staircase.
  7782 | Ossuary  | Entered an ossuary
  7840 | D:6      | Slain by a mummy

Illustrated notes

Levels and vault maps discovered:
D:1:      lightli_arrival_statue_moat, layout_loops_ring,
          basic_ecumenical_altar, minmay_3d_cube
D:2:      layout_loops_ring, serial_shops, nicolae_shop_stone,
          nicolae_shop_crystal, nicolae_shop_overgrown_old_shop, shop,
          shop_coins, uniq_natasha
D:3:      layout_loops_ring, bloody_makhleb, kennysheep_generic_room_8
D:4:      layout_basic, guppyfry_shop_venom
D:5:      layout_loops_ring
D:6:      layout_basic, nicolae_ossuary_entry_giza,
          chequers_serial_rivers_micro_b, serial_park_tiny_1, minmay_circle_x,
          uniq_menkaure

Skill      XL: |  1  2  3  4  5  6  7 |
---------------+----------------------+-----
Polearms       | 1 2 4 5 6 7 |  7.7
Summonings     | 5 6 7 |  7.1
Dodging        | 4 |  4.3
Air Magic      | 1 |  1.8
Stealth        | |  2.1
Spellcasting   | |  2.0

Action                   |  1- 3 |  4- 6 |  7- 9 || total
-------------------------+-------+-------+-------++-------
Melee: Unarmed           |    20 |       |       ||    20
       Spear             |    77 |   215 |   203 ||   495
Throw: Stone             |    35 |    75 |       ||   110
       Dart              |       |    10 |    30 ||    40
       Boomerang         |       |     3 |       ||     3
 Cast: Summon Small Mamm |    26 |     1 |     5 ||    32
       Call Canine Famil |     3 |    21 |    19 ||    43
       Call Imp          |     1 |     2 |     1 ||     4
  Use: Potion            |       |     2 |     1 ||     3
       Scroll            |       |       |     7 ||     7
 Stab: Distracted        |     4 |     1 |     2 ||     7
       Sleeping          |     2 |     1 |       ||     3
Armor: Robe              |    19 |    18 |    10 ||    47
       Skin              |       |       |     1 ||     1
Dodge: Dodged            |    48 |    86 |    74 ||   208

Table legend: (Time is in decaauts)
 A = Elapsed time spent in this place.
 B = Non-inter-level travel time spent in this place.
 C = Inter-level travel time spent in this place.
 D = Time resting spent in this place.
 E = Time spent auto-exploring this place.
 F = Levels seen in this place.
 G = Mean time per level.
                   A        B        C        D        E       F      G
               +--------+--------+--------+--------+--------+-----+--------+
         Total |   7753 |   7466 |    287 |    690 |   5224 |   7 | 1107.6 |
       Dungeon |   7713 |   7426 |    287 |    690 |   5224 |   6 | 1285.5 |
       Ossuary |     40 |     40 |      0 |      0 |      0 |   1 |   40.0 |
               +--------+--------+--------+--------+--------+-----+--------+

Top non-repeatable levels by time:
     D:5: 2181 daAuts
     D:4: 1672 daAuts
     D:3: 1415 daAuts
     D:1: 1331 daAuts
     D:2: 1056 daAuts
     D:6: 56 daAuts
 Ossuary: 40 daAuts
